 Dungeon Crawl Stone Soup version 0.30-a0-591-g3c58d2bc28 (webtiles) character file.

Game seed: 528732953136234128

95 Oxelix the Sneak (level 4, 0/33 HPs)
             Began as a Draconian Hedge Wizard on Jan 6, 2023.
             Slain by Terence
             ... wielding a +0 hand axe
              (5 damage)
             ... on level 2 of the Dungeon.
             The game lasted 00:05:41 (1522 turns).

Oxelix the Sneak (Draconian Hedge Wizard)           Turns: 1522, Time: 00:05:42

Health: 0/33       AC:  7    Str: 12    XL:     4   Next: 40%
Magic:  1/8        EV: 12    Int: 15    God:
Gold:   70         SH:  0    Dex: 12    Spells: 8/9 levels left

rFire   . . .      SeeInvis .    a - +0 dagger
rCold   . . .      Faith    .    (no shield)
rNeg    . . .      Spirit   .    (body armour unavailable)
rPois   .          Reflect  .    h - +2 hat
rElec   .          Harm     .    (no cloak)
rCorr   .          Rampage  .    (no gloves)
Will    .....                    (no boots)
Stlth   ++                       q - amulet of regeneration
HPRegen 0.25/turn                (no ring)
MPRegen 0.11/turn                (no ring)

@: about to teleport
A: AC +5, unfitting armour, cold-blooded
a: no special abilities


You were on level 2 of the Dungeon.
You visited 1 branch of the dungeon, and saw 2 of its levels.

You collected 120 gold pieces.
You spent 50 gold pieces at shops.

Inventory:

Hand Weapons
 a - a +0 dagger (weapon)
Armour
 b - a +0 hat
 h - a +2 hat (worn)
Jewellery
 q - an amulet of regeneration (around neck)
Scrolls
 e - 3 scrolls of identify
 f - 2 scrolls of enchant armour {unknown}
 g - a scroll of amnesia {unknown}
 j - 2 scrolls of vulnerability {unknown}
 k - a scroll of summoning {unknown}
 l - a scroll of teleportation
 n - a scroll of enchant weapon {unknown}
 o - a scroll of blinking {unknown}
Potions
 c - a potion of magic
 d - a potion of lignification {unknown}
 i - a potion of heal wounds {unknown}
 m - a potion of degeneration {unknown}
 p - a potion of cancellation {unknown}
 r - a potion of brilliance {unknown}
 s - a potion of mutation {unknown}


   Skills:
 + Level 2.1 Short Blades
 - Level 1.7 Dodging
 - Level 3.6 Stealth
 - Level 3.0 Spellcasting
 * Level 1.7 Conjurations
 - Level 1.0 Summonings
 - Level 1.0 Translocations


You had 8 spell levels left.
You knew the following spells:

 Your Spells              Type           Power      Damage    Failure   Level
a - Magic Dart            Conj           28%        1d4       10%         1

Your spell library contained the following spells:

 Spells                   Type           Power      Damage    Failure   Level
 Necrotise                Necr           8%         1d4       21%         1
 Slow                     Hex            8%         N/A       21%         1
 Blink                    Tloc           10%        N/A       21%         2
 Call Imp                 Summ           5%         N/A       21%         2
 Cigotuvi's Dreadful Rot  Necr/Pois/Air  4%         N/A       30%         2
 Mephitic Cloud           Conj/Pois/Air  3%         N/A       43%         3
 Vampiric Draining        Necr           2%         2d6       52%         3
 Agony                    Necr           2%         N/A       99%         5


Dungeon Overview and Level Annotations

Branches:
Dungeon (2/15)

Altars:

Shops:
D:1 *   D:2 ?

Annotations:
D:2 Terence


Innate Abilities, Weirdness & Mutations

Your plain brown scales are hard. (AC +5)
You cannot fit into any form of body armour.
You are cold-blooded and may be slowed by cold attacks.


Message History

You continue putting on your amulet of regeneration.
Terence hits you but does no damage.
You continue putting on your amulet of regeneration.
Terence barely misses you.
You finish putting on your amulet of regeneration.
The amulet cannot attune itself to your injured body.
q - an amulet of regeneration (around neck) Terence attacks as you move away!
Terence hits you but does no damage. Terence attacks as you move away!
Terence hits you with a +0 hand axe.
* * * LOW HITPOINT WARNING * * *
Terence attacks as you move away! Terence barely misses you.
Casting: Magic Dart (safe; 10% risk of failure)
Confirm with . or Enter, or press ? or * to list all spells.
Aiming: Magic Dart (safe; 10% risk of failure)
Press: ? - help, Shift-Dir - straight line, f/p - Terence
Aim: Terence, wielding a +0 hand axe and wearing a +0 ring mail (severely wounded, 100% to hit)
The magic dart hits Terence.
Terence is almost dead.
Terence completely misses you.
Casting: Magic Dart (safe; 10% risk of failure)
Confirm with . or Enter, or press ? or * to list all spells.
Aiming: Magic Dart (safe; 10% risk of failure)
Press: ? - help, Shift-Dir - straight line, f/p - Terence
Aim: Terence, wielding a +0 hand axe and wearing a +0 ring mail (almost dead, 100% to hit)
The magic dart hits Terence but does no damage.
Terence is almost dead.
Terence hits you with a +0 hand axe.
* * * LOW HITPOINT WARNING * * *
Casting: Magic Dart (safe; 10% risk of failure)
Confirm with . or Enter, or press ? or * to list all spells.
You don't have enough magic to cast this spell.
Unknown command.
Terence attacks as you move away! Terence misses you.
Terence attacks as you move away! Terence hits you with a +0 hand axe.
* * * LOW HITPOINT WARNING * * *
Terence attacks as you move away! Terence misses you.
Okay, then.
As you read the scroll of teleportation, it crumbles to dust.
You feel strangely unstable. Terence hits you with a +0 hand axe.
You die...

##... #...# #############
#...# #...........# ##...#
#.########### #...##
#.#.........# ##...## ##
#.#......#### ##...### .#
#.'.........###...## #
.#############..@...##.##...##
#
.##............@....##.##...#
#
.##.#########.......##.#†..##
# .##.### ####.......##.#...#
.##...#
#....########.#...######
.####.# #.#### #.#...#.....
..)...# #.#### #<......####
######## #....# #...)...#
.......######.########...†...#


You could see Terence.

Vanquished Creatures
  5 adders (D:2)
  2 dart slugs (D:1)
  5 ball pythons
  3 bats
  5 endoplasms
  3 giant cockroaches
  4 goblins
  5 hobgoblins (D:2)
  3 frilled lizards
  4 kobolds (D:2)
  5 rats
44 creatures vanquished.

Notes
Turn   | Place    | Note
-------+----------+-------------------------------------------
     0 | D:1      | Oxelix the Draconian Hedge Wizard began the quest for the
                  | Orb.
     0 | D:1      | Reached XP level 1. HP: 14/14 MP: 4/4
    14 | D:1      | Found Dekipn's Assorted Antiques.
   344 | D:1      | Reached XP level 2. HP: 20/20 MP: 4/6
   524 | D:1      | Reached skill level 1 in Short Blades
   799 | D:2      | Reached XP level 3. HP: 26/26 MP: 7/7
  1052 | D:2      | Found Uxtubaje's Magic Scroll Emporium.
  1057 | D:2      | Bought a scroll of identify for 20 gold pieces
  1057 | D:2      | Bought a scroll of teleportation for 30 gold pieces
  1091 | D:2      | Reached XP level 4. HP: 27/33 MP: 5/8
  1460 | D:2      | Noticed Terence
  1522 | D:2      | Slain by Terence

Illustrated notes

Levels and vault maps discovered:
D:1:      dpeg_arrival_rooms_b, layout_loops_cross, serial_shops, shop_coins
D:2:      layout_basic, serial_shops, shop, serial_curves, eino_curves_02,
          eino_curves_03, uniq_terence

Skill      XL: |  1  2  3  4 |
---------------+-------------+-----
Stealth        | 2 3 |  3.6
Short Blades   | 1 2 |  2.1
Dodging        | |  1.7
Spellcasting   | |  3.0
Conjurations   | |  1.7
Summonings     | |  1.0
Translocations | |  1.0

Action                   |  1- 3 |  4- 6 || total
-------------------------+-------+-------++-------
Melee: Dagger            |   109 |    64 ||   173
       Tailslap          |    10 |     5 ||    15
       Punch             |     1 |       ||     1
 Cast: Magic Dart        |    11 |    16 ||    27
  Use: Scroll            |       |     1 ||     1
 Stab: Sleeping          |    11 |     1 ||    12
Armor: Skin              |    42 |    32 ||    74
Dodge: Dodged            |    62 |    57 ||   119

Table legend: (Time is in decaauts)
 A = Elapsed time spent in this place.
 B = Non-inter-level travel time spent in this place.
 C = Inter-level travel time spent in this place.
 D = Time resting spent in this place.
 E = Time spent auto-exploring this place.
 F = Levels seen in this place.
 G = Mean time per level.
                   A        B        C        D        E       F      G
               +--------+--------+--------+--------+--------+-----+--------+
         Total |   1513 |   1504 |      9 |      0 |   1034 |   2 |  756.5 |
       Dungeon |   1513 |   1504 |      9 |      0 |   1034 |   2 |  756.5 |
               +--------+--------+--------+--------+--------+-----+--------+

Top non-repeatable levels by time:
     D:1: 761 daAuts
     D:2: 751 daAuts
